 Dungeon Crawl Stone Soup version 0.31-a0-44-g49d609d0da (webtiles) character file.

Game seed: 3248486797811469761

126 porpoise the Vexing (level 4, -3/25 HPs)
             Began as a Deep Elf Enchanter on May 20, 2023.
             Slain by Edmund
             ... wielding a +2 dire flail of holy wrath
              (9 damage)
             ... on level 3 of the Dungeon.
             The game lasted 00:11:30 (2474 turns).

porpoise the Vexing (Deep Elf Enchanter)            Turns: 2474, Time: 00:11:31

Health: -3/25      AC:  2    Str:  5    XL:     4   Next: 83%
Magic:  5/10       EV: 13    Int: 20    God:
Gold:   148        SH:  0    Dex: 17    Spells: 1/9 levels left

rFire   . . .        a - +2 dagger (vamp)
rCold   . . .        (no shield)
rNeg    . . .        f - +0 robe
rPois   .            (no helmet)
rElec   .            (no cloak)
rCorr   .            (no gloves)
SInv    .            (no boots)
Will    +....        (no amulet)
Stlth   +++          d - ring of willpower
HPRegen 0.24/turn    (no ring)
MPRegen 0.12/turn

%: no passive effects
@: confusing by touch
A: no striking features
a: no special abilities


You were on level 3 of the Dungeon.
You visited 1 branch of the dungeon, and saw 4 of its levels.

You collected 148 gold pieces.

Inventory:

Hand Weapons
 a - a +2 vampiric dagger (weapon)
Armour
 f - a +0 robe (worn)
Jewellery
 d - a ring of willpower (left hand)
Wands
 m - a wand of roots (7)
Scrolls
 b - a scroll of magic mapping {unknown}
 e - 2 scrolls of identify
 h - 2 scrolls of teleportation {unknown}
 i - a scroll of poison {unknown}
 k - a scroll of brand weapon {unknown}
 l - a scroll of enchant weapon {unknown}
Potions
 c - 2 potions of invisibility
 g - a potion of flight
 j - a potion of curing
 n - a potion of attraction {unknown}


   Skills:
 + Level 1.2 Fighting
 - Level 1.0 Short Blades
 - Level 2.4 Dodging
 + Level 4.5 Stealth
 - Level 3.3 Spellcasting
 * Level 5.3 Hexes
 * Level 2.2 Ice Magic


You had one spell level left.
You knew the following spells:

 Your Spells              Type           Power      Damage    Failure   Level
a - Confusing Touch       Hex            24%        N/A       4%          3
e - Ensorcelled Hibernat  Hex/Ice        36%        N/A       4%          2
t - Tukima's Dance        Hex            24%        N/A       4%          3

Your spell library contained the following spells:

 Spells                   Type           Power      Damage    Failure   Level
 Sting                    Tmut/Pois      12%        1d3       14%         1
 Dazzling Flash           Conj/Hex       28%        N/A       14%         3
 Scorch                   Fire           6%         2d5       22%         2
 Flame Wave               Conj/Fire      3%         2d5       80%         4
 Blade Hands              Tmut           1%         N/A       98%         5
 Irradiate                Conj/Tmut      1%         3d12      98%         5
 Summon Cactus Giant      Summ           1%         N/A       100%        6
 Dragon Form              Tmut           1%         N/A       100%        7


Dungeon Overview and Level Annotations

Branches:
Dungeon (4/15)
 Temple: D:4-7

Altars:

Annotations:
D:3 Edmund
D:4 Natasha


Message History

You climb downwards.
Found a glowing black potion.
There is a stone staircase leading up here.
There are monsters nearby!
Found an escape hatch in the ceiling.
Found a stone staircase leading up.
Natasha, Servant of Life and Death comes into view.
You see here a glowing black potion.
The helpless Edmund fails to defend himself.
You impale Edmund!!
Edmund is heavily wounded.
Edmund hits you with a +2 dire flail of holy wrath!
Natasha hisses angrily.
There is a stone staircase leading up here.
Edmund hits you with a +2 dire flail of holy wrath!
Ouch! That really hurt!
* * * LOW HITPOINT WARNING * * *
You climb upwards.
There is a stone staircase leading down here.
Casting: Confusing Touch (quite dangerous; 4% risk of failure)
Confirm with . or Enter, or press ? or * to list all spells.
Aiming: Ensorcelled Hibernation (safe; 4% risk of failure)
Press: ? - help, Shift-Dir - straight line, f - Edmund
Aim: Edmund, wielding a +2 dire flail of holy wrath and wearing a +0 chain mail (heavily wounded, chance to affect: 50%) Edmund looks drowsy...
The helpless Edmund fails to defend himself.
You puncture Edmund!
Edmund is almost dead.
Edmund barely misses you.
You barely miss Edmund.
Edmund is almost dead.
Casting: Ensorcelled Hibernation (safe; 4% risk of failure)
Confirm with . or Enter, or press ? or * to list all spells.
The spell is quite dangerous to miscast (4% risk of failure)!
Continue anyway? [Y]es or [N]o only, please.
The spell is quite dangerous to miscast (4% risk of failure)!
Continue anyway? [Y]es or [N]o only, please.
The spell is quite dangerous to miscast (4% risk of failure)!
Continue anyway?
Your hands begin to glow red.
Edmund hits you with a +2 dire flail of holy wrath!
You die...

#..## ##.........
####..######.....##..#
##..............#.....#
##.................)...#
####..(###.#####.###[......
#....#..##.####..##[.###...
#######..#..##..#...## ####
##..@.......### #...
###@......## #.##
###........# #.#
#........#.######.#
#.##....(#..##....#
##.##.....##....#####
######..##.....#####......
#......##########....##...
#.....## #...#####...
#.....# #.### #..>


You could see Edmund.

Vanquished Creatures
  An orc priest (D:3)
  A worm (D:3)
  4 dart slugs
  8 orcs (D:3)
  4 bats
  7 endoplasms
  6 giant cockroaches
  5 goblins
  9 hobgoblins
  3 jackals (D:2)
  7 kobolds
  A quokka (D:1)
  7 ball pythons
  A frilled lizard (D:3)
  6 rats
70 creatures vanquished.

Notes
Turn   | Place    | Note
-------+----------+-------------------------------------------
     0 | D:1      | porpoise the Deep Elf Enchanter began the quest for the
                  | Orb.
     0 | D:1      | Reached XP level 1. HP: 10/10 MP: 6/6
    29 | D:1      | Found a faded altar of an unknown god.
    49 | D:1      | Got Plato's Lectures on Venom
   136 | D:1      | Reached XP level 2. HP: 10/15 MP: 8/8
   158 | D:1      | Learned a level 2 spell: Ensorcelled Hibernation
   502 | D:1      | Reached XP level 3. HP: 20/20 MP: 9/9
   505 | D:1      | Reached skill level 1 in Ice Magic
   910 | D:2      | Learned a level 3 spell: Confusing Touch
   914 | D:2      | Learned a level 3 spell: Tukima's Dance
  1465 | D:2      | Reached skill level 5 in Hexes
  1563 | D:3      | Reached XP level 4. HP: 22/24 MP: 5/10
  1707 | D:3      | Reached skill level 1 in Fighting
  2463 | D:4      | Noticed Edmund
  2465 | D:4      | Noticed Natasha
  2474 | D:3      | Slain by Edmund

Illustrated notes

Levels and vault maps discovered:
D:1:      roderic_crossed_star, layout_basic,
          shapermc_ecumenical_altar_rom_forum, minivault_26
D:2:      layout_basic
D:3:      layout_rooms
D:4:      layout_rooms, lemuel_zombie_altar_yredelemnul,
          minmay_temple_entry_crystal_x, uniq_pikel, uniq_eustachio,
          uniq_menkaure, uniq_natasha, uniq_edmund

Skill      XL: |  1  2  3  4 |
---------------+-------------+-----
Stealth        | 4 |  4.5
Ice Magic      | 1 2 |  2.2
Hexes          | 5 |  5.3
Fighting       | 1 |  1.2
Short Blades   | |  1.0
Dodging        | |  2.4
Spellcasting   | |  3.3

Action                     |  1- 3 |  4- 6 || total
---------------------------+-------+-------++-------
  Melee: Dagger            |   100 |    41 ||   141
         Punch             |     1 |     1 ||     2
   Cast: Ensorcelled Hiber |    27 |    19 ||    46
         Confusing Touch   |       |     2 ||     2
    Use: Scroll            |     3 |       ||     3
   Stab: Sleeping          |    31 |    18 ||    49
         Distracted        |     1 |       ||     1
         Confused          |       |     1 ||     1
 Armour: Robe              |    14 |     6 ||    20
  Dodge: Dodged            |    68 |    30 ||    98

Table legend: (Time is in decaauts)
 A = Elapsed time spent in this place.
 B = Non-inter-level travel time spent in this place.
 C = Inter-level travel time spent in this place.
 D = Time resting spent in this place.
 E = Time spent auto-exploring this place.
 F = Levels seen in this place.
 G = Mean time per level.
                   A        B        C        D        E       F      G
               +--------+--------+--------+--------+--------+-----+--------+
         Total |   2466 |   2404 |     62 |    732 |   1112 |   4 |  616.5 |
       Dungeon |   2466 |   2404 |     62 |    732 |   1112 |   4 |  616.5 |
               +--------+--------+--------+--------+--------+-----+--------+

Top non-repeatable levels by time:
     D:3: 839 daAuts
     D:1: 833 daAuts
     D:2: 787 daAuts
     D:4: 6 daAuts
